 Dungeon Crawl Stone Soup version 0.28-a0-1624-g820543e53a (webtiles) character file.

Game seed: 7060165790977142814

107 timneilson the Covered (level 4, -3/29 HPs)
             Began as a Gargoyle Fighter on Jan 23, 2022.
             Blown up by Ijyb (12 damage)
             ... with a mindburst bolt
             ... on level 3 of the Dungeon.
             The game lasted 00:03:42 (2639 turns).

timneilson the Covered (Gargoyle Fighter)           Turns: 2639, Time: 00:03:43

Health: -3/29      AC: 13    Str: 21    XL:     4   Next: 86%
Magic:  4/4        EV:  9    Int:  9    God:
Gold:   118        SH:  4    Dex:  9    Spells: 3/3 levels left

rFire   . . .      SeeInvis .   a - +0 long sword
rCold   . . .      Faith    .   c - +0 buckler
rNeg    + . .      Spirit   .   b - +0 scale mail
rPois   ∞          Reflect  .   g - +0 helmet
rElec   +          Harm     .   i - +0 cloak
rCorr   .          Rampage  .   (no gloves)
Will    .....                   (no boots)
Stlth   ..........              (no amulet)
HPRegen 0.09/turn               (no ring)
MPRegen 0.09/turn               (no ring)

@: no status effects
A: sickness immunity, AC +3, negative energy resistance 1, electricity
resistance, torment resistance 1, petrification resistance
a: no special abilities


You were on level 3 of the Dungeon.
You visited 1 branch of the dungeon, and saw 3 of its levels.

You collected 118 gold pieces.

Inventory:

Hand Weapons
 a - a +0 long sword (weapon)
Armour
 b - a +0 scale mail (worn)
 c - a +0 buckler (worn)
 g - a +0 helmet (worn)
 i - a +0 cloak (worn)
Scrolls
 e - a scroll of blinking {unknown}
 h - 2 scrolls of identify
Potions
 d - a potion of might
 f - a potion of curing
 j - a potion of resistance


   Skills:
 + Level 3.6 Fighting
 * Level 2.7 Long Blades
 * Level 4.1 Armour
 + Level 0.8 Dodging
 * Level 4.0 Shields


You had 3 spell levels left.
You didn't know any spells.
Your spell library was empty.

Dungeon Overview and Level Annotations

Branches:
Dungeon (3/15)

Altars:
Ru

Shops:
D:1 *

Annotations:
D:3 Ijyb


Innate Abilities, Weirdness & Mutations

You are immune to sickness and miasma.
Your stone body is resilient. (AC +3)
You are immune to poison.
You resist negative energy. (rN+)
You are resistant to electric shocks. (rElec)
You are resistant to unholy torment.
You are immune to petrification.


Message History

Found 24 stones.
You see here a +0 hand axe.
You now have 107 gold pieces (gained 10).
You open the door.
Found a stone staircase leading down.
There is an open door here.
There is an open door here.
You see here a +0 hand axe.
Found a robe.
You see here 24 stones.
You see here 24 stones.
Found a stone staircase leading down.
There is a stone staircase leading down here.
You open the door.
Found a scale mail.
There is an open door here.
You open the door.
There is an open door here.
Found a scroll of immolation.
You now have 118 gold pieces (gained 11).
As you open the door, it creaks loudly!
You hear a shout!
Ijyb the Twisted Goblin comes into view.
She is wielding a +0 dagger and carrying a wand of mindburst (8).
There is an open door here.
You hit Ijyb.
Ijyb is lightly wounded.
Ijyb closely misses you.
You barely miss Ijyb.
Ijyb is lightly wounded.
You block Ijyb's attack. Ijyb hits you but does no damage.
You hit Ijyb.
Ijyb is moderately wounded.
Ijyb hits you with a +0 dagger.
You hit Ijyb.
Ijyb is heavily wounded.
Ijyb zaps a wand.
Your mind is blasted!
Ouch! That really hurt!
You barely miss Ijyb.
Ijyb is heavily wounded.
Ijyb barely misses you.
Ijyb zaps a wand.
Your mind is blasted!
You die...

#################
#.?...#...#.....#
###.#...#.....#
######+#...'...'>....#
#.......####..[#.#.###
#.......# #...#.#.#
#.......# #####.#.####
#.......# #.#.....
######@## #....... #g#
#.#.#.## #.# #.#.#.#
#.. #.#.#.# ###
#.#.#.# #.#...#
#..#### #.. .


You could see Ijyb.

Vanquished Creatures
  An adder (D:2)
  3 gnolls (D:3)
  A worm (D:2)
  4 dart slugs
  4 orcs (D:3)
  2 ball pythons
  4 endoplasms
  2 giant cockroaches (D:1)
  9 goblins
  7 hobgoblins
  6 kobolds
  A quokka (D:1)
  2 bats (D:1)
  3 frilled lizards
  3 rats
52 creatures vanquished.

Notes
Turn   | Place    | Note
-------+----------+-------------------------------------------
     0 | D:1      | timneilson the Gargoyle Fighter began the quest for the
                  | Orb.
     0 | D:1      | Reached XP level 1. HP: 14/14 MP: 1/1
   283 | D:1      | Reached XP level 2. HP: 17/19 MP: 2/2
   623 | D:1      | Found a faded altar of an unknown god.
  1025 | D:1      | Reached XP level 3. HP: 22/23 MP: 3/3
  1198 | D:1      | Found Nuiphod's Assorted Antiques.
  1433 | D:2      | Identified the +4 mace "Muiru" {vorpal, *Noise Fly rF+
                  | Will+}
  2110 | D:2      | Reached XP level 4. HP: 28/28 MP: 4/4
  2238 | D:3      | Found a sacrificial altar of Ru.
  2633 | D:3      | Noticed Ijyb
  2639 | D:3      | Blown up by Ijyb

Illustrated notes

Levels and vault maps discovered:
D:1:      psy_arrival_fountain, layout_basic, basic_ecumenical_altar,
          serial_shops, shop
D:2:      minmay_chambers_of_ones, layout_rooms
D:3:      layout_basic, nicolae_dithmenos_the_darkroom,
          nicolae_ru_sacrificial_ziggurat, uniq_ijyb

Skill      XL: |  1  2  3  4 |
---------------+-------------+-----
Long Blades    | 2 |  2.7
Armour         | 4 |  4.1
Shields        | 4 |  4.0
Fighting       | |  3.6
Dodging        | |  0.8

Action                   |  1- 3 |  4- 6 || total
-------------------------+-------+-------++-------
Melee: Long sword        |   117 |    60 ||   177
  Use: Scroll            |     2 |     3 ||     5
Armor: Scale mail        |    49 |    20 ||    69
Dodge: Dodged            |    53 |    25 ||    78
Block: Buckler           |    22 |    10 ||    32

Table legend: (Time is in decaauts)
 A = Elapsed time spent in this place.
 B = Non-inter-level travel time spent in this place.
 C = Inter-level travel time spent in this place.
 D = Time resting spent in this place.
 E = Time spent auto-exploring this place.
 F = Levels seen in this place.
 G = Mean time per level.
                   A        B        C        D        E       F      G
               +--------+--------+--------+--------+--------+-----+--------+
         Total |   2695 |   2592 |    103 |      0 |   2052 |   3 |  898.3 |
       Dungeon |   2695 |   2592 |    103 |      0 |   2052 |   3 |  898.3 |
               +--------+--------+--------+--------+--------+-----+--------+

Top non-repeatable levels by time:
     D:1: 1383 daAuts
     D:2: 889 daAuts
     D:3: 422 daAuts
